 Dungeon Crawl Stone Soup version 0.19.5 (webtiles) character file.

0 Gargoyl the Skirmisher (level 1, -9/19 HPs)
             Began as a Ghoul Abyssal Knight on Mar 3, 2017.
             Was a Follower of Lugonu.
             Mangled by a large abomination (16 damage)
             ... on level 1 of the Abyss.
             The game lasted 00:00:55 (152 turns).

Gargoyl the Skirmisher (Ghoul Abyssal Knight)        Turns: 152, Time: 00:00:55

Health: -9/19      AC:  4    Str: 15    XL:     1   Next: 0%
Magic:  1/1        EV:  8    Int:  7    God:    Lugonu [*.....]
Gold:   9          SH:  0    Dex:  8    Spells: 0 memorised, 0 levels left

rFire  . . .     SeeInvis .     a - +1 hand axe
rCold  + . .     Gourm    .     b - +1 leather armour
rNeg   + + +     Faith    .     (no shield)
rPois  ∞         Spirit   .     (no helmet)
rElec  .         Reflect  .     (no cloak)
rCorr  .         Harm     .     (no gloves)
MR     .....                    (no boots)
Stlth  +.........               (no amulet)
                                (no ring)
                                (no ring)

@: rotting, constricted
A: rotting body, claws 1, carnivore 3, cold resistance 1, negative energy
resistance 3, slow regeneration 1, torment resistance, unbreathing
a: Depart the Abyss, Renounce Religion


You were on level 1 of the Abyss.
You worshipped Lugonu.
Lugonu was aware of your devotion.
You were not hungry.

You visited 0 branches of the dungeon, and saw 0 of its levels.
You visited the Abyss 1 time.

You collected 9 gold pieces.

Inventory:

Hand Weapons
 a - a +1 hand axe (weapon)
Armour
 b - a +1 leather armour (worn)
Potions
 d - a potion of heal wounds {unknown}
Comestibles
 c - a meat ration


   Skills:
 + Level 3.2 Fighting
 + Level 1.7 Axes
 + Level 1.7 Armour
 + Level 0.8 Dodging
 + Level 2.0 Invocations


You couldn't memorise any spells.
You didn't know any spells.

Dungeon Overview and Level Annotations

Branches:
Dungeon (0/15)

Altars:


Innate Abilities, Weirdness & Mutations

Your body is rotting away.
You thrive on raw meat.
You are immune to poison.
You have sharp fingernails.
You are carnivorous and can eat meat at any time.
Your flesh is cold resistant. (rC+)
You are immune to negative energy. (rN+++)
You regenerate slowly when monsters are visible.
You are immune to unholy pain and torment.
You can survive without breathing.


Message History

Tentacles burst from the starspawn's body! 3 starspawn tentacles come into view.
The starspawn tentacle grabs you. The starspawn tentacle constricts you.
A starspawn tentacle comes into view.
The starspawn tentacle's grasp on you weakens, but your attempt to escape fails.
The starspawn tentacle loses its grip on you.
The tentacle pulls you backwards! The large abomination hits you.
The starspawn tentacle grabs you. The starspawn tentacle constricts you.
The starspawn tentacle's grasp on you weakens, but your attempt to escape fails.
The starspawn tentacle constricts you.
You hit the starspawn tentacle but do no damage.
You hit the starspawn tentacle. You barely miss the large abomination.
You hit the starspawn tentacle but do no damage.
You hit the tentacled starspawn.
The starspawn tentacle loses its grip on you.
You hit the starspawn tentacle but do no damage.
The starspawn tentacle grabs you. The starspawn tentacle constricts you.
The large abomination hits you!
Ouch! That really hurt!
You die...

##.
..##§#..#.#....#
##.#.#..#.... ...#
#.###....#####....#
# #...#...... .....
#.###. #....#.§#.##
#.#..##.#.#...Rz.#
### ..X
#.....##X..# ##.
##.#.#..#.XwX│>.#
#. ..#.#.#.
#.w@w/..#
..#####w..## #.#.##
..#.#.# ###.. ## #.
.. ##


You could see 2 tentacled starspawn, a large abomination, an efreet, 4 starspawn
tentacles and a wight.

Vanquished Creatures (others)
  6 starspawn tentacles (Abyss:1)
6 creatures vanquished.

Notes
Turn   | Place    | Note
-------+----------+-------------------------------------------
     0 | Abyss:1  | Gargoyl the Ghoul Abyssal Knight began the quest for the Orb.
     0 | Abyss:1  | Reached XP level 1. HP: 19/19 MP: 1/1
    89 | Abyss:1  | Noticed a tentacled starspawn
   134 | Abyss:1  | Noticed an efreet
   135 | Abyss:1  | Noticed a wight
   135 | Abyss:1  | Noticed a large abomination
   136 | Abyss:1  | Noticed a hellwing
   145 | Abyss:1  | Noticed a tentacled starspawn
   152 | Abyss:1  | Mangled by a large abomination

Action                   || total
-------------------------++-------
Melee: Hand axe          ||     1
  Use: Scroll            ||     1
